 Dungeon Crawl Stone Soup version 0.25.0-26-g0c896c7088 (webtiles) character file.

Game seed: 609764327101054342

502 AvylaarBelgium the Magician (level 6, 0/48 HPs)
             Began as a Deep Elf Ice Elementalist on July 5, 2020.
             Slain by a centaur (5 damage)
             ... on level 5 of the Dungeon.
             The game lasted 00:10:30 (5854 turns).

AvylaarBelgium the Magician (DEIE)                  Turns: 5854, Time: 00:10:30

Health: 0/48       AC:  2    Str:  5    XL:     6   Next: 95%
Magic:  14/18      EV: 13    Int: 22    God:
Gold:   228        SH:  0    Dex: 15    Spells: 8/19 levels left

rFire    . . .     SeeInvis .   d - +0 whip
rCold    . . .     Gourm    .   (no shield)
rNeg     . . .     Faith    .   a - +0 robe
rPois    .         Spirit   .   (no helmet)
rElec    .         Reflect  .   (no cloak)
rCorr    +         Harm     .   (no gloves)
MR       .....                  (no boots)
Stlth    ..........             (no amulet)
HPRegen  0.16/turn              e - ring of resist corrosion
MPRegen  0.16/turn              (no ring)

@: berserking, frozen ramparts, very quick
A: no striking features
a: no special abilities


You were on level 5 of the Dungeon.
You were not hungry.

You visited 2 branches of the dungeon, and saw 6 of its levels.

You collected 228 gold pieces.

Inventory:

Hand Weapons
 b - a cursed -2 club
 d - a +0 whip (weapon)
 f - a cursed -3 long sword
Missiles
 o - a throwing net (quivered)
 p - 19 poisoned darts
Armour
 a - a +0 robe (worn)
 n - a +0 leather armour
Jewellery
 e - a ring of resist corrosion (left hand)
Wands
 h - a wand of iceblast (13)
Scrolls
 g - 6 scrolls of identify {unknown}
 i - 2 scrolls of enchant armour {unknown}
 k - 3 scrolls of teleportation {unknown}
 l - 4 scrolls of amnesia {unknown}
 q - a scroll of fog {unknown}
 s - a scroll of fear {unknown}
Potions
 m - a potion of invisibility {unknown}
 r - a potion of heal wounds {unknown}
 t - a potion of flight {unknown}
Comestibles
 c - 6 rations


   Skills:
 - Level 2.4 Dodging
 - Level 2.4 Stealth
 + Level 7.4 Spellcasting
 + Level 7.2 Ice Magic


You had 8 spell levels left.
You knew the following spells:

 Your Spells              Type           Power        Failure   Level  Hunger
a - Freeze                Ice            ####         1%          1    None
b - Frozen Ramparts       Ice            #####.       1%          3    None
c - Ozocubu's Armour      Chrm/Ice       ###.....     5%          3    None
d - Hailstorm             Conj/Ice       ###.....     19%         4    ###....

Your spell library contained the following spells:

 Spells                   Type           Power        Failure   Level  Hunger
 Magic Dart               Conj           #...         8%          1    None
 Blink                    Tloc           N/A          12%         2    None
 Call Imp                 Summ           #.......     12%         2    None
 Slow                     Hex            #.......     12%         2    None
 Summon Ice Beast         Ice/Summ       ###.....     19%         4    ###....
 Conjure Flame            Conj/Fire      #.......     24%         3    None
 Mephitic Cloud           Conj/Pois/Air  #.......     24%         3    None


Dungeon Overview and Level Annotations

Branches:
Dungeon (5/15)             Temple (1/1) D:4

Altars:
Ashenzari
Elyvilon
Kikubaaqudgha
Nemelex Xobeh
Okawaru
Qazlal
Ru
Sif Muna
Trog
Uskayaw
Wu Jian
Yredelemnul
Zin


Message History

Confirm with . or Enter, or press ? or * to list all spells.
Aiming: Freeze (safe; 1% risk of failure)
Press: ? - help, Shift-Dir - straight line, f - centaur
Aim: a centaur, quivering 18 arrows (moderately wounded)
Okay, then.
Okay, then.
Casting: Freeze (safe; 1% risk of failure)
Confirm with . or Enter, or press ? or * to list all spells.
Aiming: Freeze (safe; 1% risk of failure)
Press: ? - help, Shift-Dir - straight line, f - centaur
Aim: a centaur, quivering 18 arrows (moderately wounded)
You freeze the centaur.
The centaur is heavily wounded.
The wall freezes the centaur.
The centaur misses you.
It was a potion of berserk rage.
A red film seems to cover your vision as you go berserk!
You feel yourself moving faster!
You feel mighty!
The wall freezes the centaur.
The centaur closely misses you.
The wall freezes the centaur.
The centaur hits you.
You die...

.#..........#
##.................#
##........#........##
#.........##......## #
#.........######..# .#.
#.........# ##.###....
#.........# ##........
........>.######(......#.
...............(@c.##..#
#.............#(##..^.##
..........##...[# ##..#
..........##..### ..#
#...<..........# ...
..........####.# ...
##.......## .. ##.....##
#.# #######


You could see a centaur.

Vanquished Creatures
  2 howler monkeys
  2 hounds (D:4)
  An orc wizard (D:4)
  A gnoll shaman (D:4)
  An orc priest (D:4)
  A bullfrog skeleton (D:4)
  2 worker ants (D:4)
  A hound skeleton (D:4)
  5 gnolls (D:4)
  2 adders
  An ooze (D:2)
  2 adder skeletons
  An adder zombie (D:5)
  2 worms (D:2)
  2 dart slugs (D:1)
  3 leopard geckos
  7 orcs
  A ball python (D:3)
  4 giant cockroaches
  12 goblins
  12 hobgoblins
  7 jackals (D:4)
  3 quokkas
  9 bats
  3 frilled lizards
  8 kobolds
  8 rats
103 creatures vanquished.

Notes
Turn   | Place    | Note
-------+----------+-------------------------------------------
     0 | D:1      | AvylaarBelgium the Deep Elf Ice Elementalist began the
                  | quest for the Orb.
     0 | D:1      | Reached XP level 1. HP: 10/10 MP: 6/6
   131 | D:1      | Reached XP level 2. HP: 10/15 MP: 4/8
   692 | D:1      | Reached XP level 3. HP: 11/19 MP: 7/10
   695 | D:1      | Reached skill level 5 in Ice Magic
  1376 | D:2      | Found an iron altar of Okawaru.
  1828 | D:2      | Reached XP level 4. HP: 24/24 MP: 9/12
  2568 | D:3      | Learned a level 3 spell: Frozen Ramparts
  2572 | D:3      | Learned a level 3 spell: Ozocubu's Armour
  2721 | D:3      | Noticed a fire elemental
  2724 | D:3      | Noticed an earth elemental
  2726 | D:3      | Found a stormy altar of Qazlal.
  2727 | D:3      | Noticed a water elemental
  2727 | D:3      | Noticed an air elemental
  2901 | D:3      | Reached skill level 5 in Spellcasting
  3271 | D:3      | Found an ornate altar of the Wu Jian Council.
  3546 | D:4      | Reached XP level 5. HP: 21/28 MP: 9/14
  3730 | D:4      | Found a staircase to the Ecumenical Temple.
  3734 | Temple   | Entered the Ecumenical Temple
  4313 | D:4      | Learned a level 4 spell: Hailstorm
  4328 | D:4      | Reached XP level 6. HP: 23/32 MP: 9/17
  5812 | D:5      | Entered Level 5 of the Dungeon
  5854 | D:5      | Slain by a centaur

Illustrated notes

Levels and vault maps discovered:
D:1:      tarquinn_simple_flora_water_a, layout_basic, minmay_distorted
D:2:      layout_basic, nicolae_overflow_crystal_walls, first_ration
D:3:      minmay_octagon_keep, layout_basic, nicolae_qazlal_style_of_elements,
          nicolae_overflow_hidden_temple, minivault_19, dk_noncrumbling_4
D:4:      layout_loops_ring, minmay_temple_entry_offerings, serial_forest,
          infiniplex_forest_diagonal, infiniplex_forest_clump_double,
          infiniplex_forest_straight_4, infiniplex_forest_fountain,
          infiniplex_forest_clump_diagonal, infiniplex_forest_split
D:5:      layout_rooms, lemuel_round_altar, lemuel_round_altar,
          overflow_temple_1_default, amethyst_overflow_temple_binary
Temple:   dpeg_chambers_temple

Skill      XL: |  1  2  3  4  5  6 |
---------------+-------------------+-----
Spellcasting   | 4 5 6 7 |  7.4
Ice Magic      | 5 6 7 |  7.2
Dodging        | |  2.4
Stealth        | |  2.4

Action                   |  1- 3 |  4- 6 || total
-------------------------+-------+-------++-------
Melee: Whip              |    17 |    57 ||    74
       Unarmed           |     1 |       ||     1
 Cast: Freeze            |    57 |    81 ||   138
       Frozen Ramparts   |       |     8 ||     8
       Ozocubu's Armour  |       |     1 ||     1
  Use: Potion            |       |     1 ||     1
 Stab: Sleeping          |     1 |     1 ||     2
  Eat: Chunk             |     3 |     6 ||     9
       Ration            |       |     2 ||     2
Armor: Robe              |    11 |    22 ||    33
Dodge: Dodged            |    42 |    91 ||   133
